 Dungeon Crawl Stone Soup version 0.21-a0-241-g2cbab09 (webtiles) character file.

38 tidbits the Shield-Bearer (level 3, -1/26 HPs)
             Began as a Demigod Wanderer on Sept 3, 2017.
             Slain by a quokka (3 damage)
             ... on level 3 of the Dungeon.
             The game lasted 00:03:32 (475 turns).

tidbits the Shield-Bearer (Demigod Wanderer)         Turns: 475, Time: 00:03:34

Health: -1/26      AC:  5    Str: 15    XL:     3   Next: 10%
Magic:  8/8        EV:  7    Int: 18    God:
Gold:   48         SH:  9    Dex: 15    Spells: 6/6 levels left

rFire    . . .     SeeInvis .   a - +0 dagger (freeze)
rCold    . . .     Gourm    .   k - +0 shield
rNeg     . . .     Faith    .   B - +0 ring mail
rPois    .         Spirit   .   (no helmet)
rElec    .         Reflect  .   (no cloak)
rCorr    .         Harm     .   (no gloves)
MR       .....                  (no boots)
Stlth    +.........             (no amulet)
HPRegen  0.08/turn              (no ring)
MPRegen  0.11/turn              (no ring)

@: no status effects
A: high mp 1
a: no special abilities


You were on level 3 of the Dungeon.
You were not hungry.

You visited 1 branch of the dungeon, and saw 3 of its levels.

You collected 48 gold pieces.

Inventory:

Hand Weapons
 a - a +0 dagger of freezing (weapon)
   (You took it off a kobold on level 1 of the Dungeon)
 e - a +0 dagger
 o - a cursed -3 hunting sling
Missiles
 j - 43 stones (quivered)
 s - 15 arrows
 t - 3 tomahawks
Armour
 d - a +0 robe
 k - a +0 shield (worn)
 B - a +0 ring mail (worn)
Scrolls
 g - a scroll of remove curse
 h - a scroll of teleportation {unknown}
 i - 3 scrolls of identify {unknown}
 l - 2 scrolls of enchant armour {unknown}
 n - 2 scrolls of fog {unknown}
 q - a scroll of random uselessness {unknown}
Potions
 m - a potion of might
 r - a potion of heal wounds {unknown}
Books
 b - the Reference Book on Poison

   Spells                             Type                      Level
   a - Sting                          Conjuration/Poison           1
   b - Mephitic Cloud                 Conjuration/Poison/Air       3
 c - the Handbook of Battle Magic

   Spells                             Type                      Level
   a - Magic Dart                     Conjuration                  1
   b - Static Discharge               Conjuration/Air              3
Comestibles
 f - 4 bread rations
 p - 4 chunks of flesh


   Skills:
 + Level 0.1 Fighting
 + Level 3.1 Shields
 - Level 2.0 Spellcasting
   Level 1.0 Conjurations
   Level 2.6 Hexes
   Level 1.7 Translocations


You had 6 spell levels left.
You didn't know any spells.

Dungeon Overview and Level Annotations

Branches:
Dungeon (3/15)


Innate Abilities, Weirdness & Mutations

You have an increased reservoir of magic. (+10% MP)


Message History

You climb upwards.
A goblin comes into view.
Found a ring mail.
There is a stone staircase leading down here.
A hobgoblin comes into view. It is wielding a club.
The helpless goblin fails to defend itself.
You hit the goblin. You freeze the goblin.
You kill the goblin!
The hobgoblin shouts!
You hit the hobgoblin but do no damage.
The hobgoblin hits you but does no damage.
Your shield prevents you from hitting the hobgoblin.
You block the hobgoblin's attack.
You hit the hobgoblin. You freeze the hobgoblin.
The hobgoblin is severely wounded.
The hobgoblin hits you with a club.
* * * LOW HITPOINT WARNING * * *
You closely miss the hobgoblin.
The hobgoblin is severely wounded.
The hobgoblin hits you but does no damage.
You closely miss the hobgoblin.
The hobgoblin is severely wounded.
You block the hobgoblin's attack.
You closely miss the hobgoblin.
The hobgoblin is severely wounded.
You block the hobgoblin's attack.
You hit the hobgoblin. You freeze the hobgoblin.
You kill the hobgoblin!
You see here a ring mail.
u - a ring mail Some of the chunks of flesh in your inventory have rotted away.
Wear which item? (? for menu, Esc to quit)
You start removing your armour.
You continue taking off your +0 robe. x4
You finish taking off your +0 robe.
You start putting on your armour.
You continue putting on your ring mail. x5
You finish putting on your +0 ring mail.
Adjust (i)tems, (s)pells, or (a)bilities?
Adjust which item? (? for menu, Esc to quit)
u - a +0 ring mail (worn)
Adjust to which letter? (? for menu, Esc to quit)
B - a +0 ring mail (worn)
There is a stone staircase leading down here.
There is a stone staircase leading down here.
You climb downwards.
There is a stone staircase leading up here.
Found a scroll of remove curse.
You hit the quokka. You freeze the quokka.
The quokka is heavily wounded.
You block the quokka's attack.
You closely miss the quokka.
The quokka is heavily wounded.
You block the quokka's attack.
You closely miss the quokka.
The quokka is heavily wounded.
You block the quokka's attack. The quokka bites you.
* * * LOW HITPOINT WARNING * * *
You hit the quokka but do no damage.
The quokka is heavily wounded.
The quokka bites you but does no damage.
You hit the quokka but do no damage.
The quokka is heavily wounded.
The quokka bites you.
* * * LOW HITPOINT WARNING * * *
You barely miss the quokka.
The quokka is heavily wounded.
The quokka barely misses you.
You hit the quokka but do no damage.
The quokka is heavily wounded.
The quokka bites you.
* * * LOW HITPOINT WARNING * * *
The quokka bites you but does no damage.
Some of the chunks of flesh in your inventory have rotted away.
You closely miss the quokka.
The quokka is moderately wounded.
The quokka bites you but does no damage.
Your shield prevents you from hitting the quokka.
The quokka is moderately wounded.
You block the quokka's attack.
Your shield and ring mail prevent you from hitting the quokka.
The quokka is moderately wounded.
The quokka bites you.
* * * LOW HITPOINT WARNING * * *
You miss the quokka.
The quokka is moderately wounded.
The quokka closely misses you. You block the quokka's attack.
You barely miss the quokka.
The quokka is lightly wounded.
The quokka bites you but does no damage.
You hit the quokka. You freeze the quokka.
The quokka is heavily wounded.
The quokka barely misses you.
You closely miss the quokka.
The quokka is heavily wounded.
The quokka bites you.
* * * LOW HITPOINT WARNING * * *
The quokka barely misses you.
You hit the quokka. You freeze the quokka.
The quokka is almost dead.
The quokka bites you.
You die...

#.. #..# .... ##.. ..###
#... .... ....# # #..#
##.## #.#.# # #?#..# #
##...###.#.#
#.##.#..###.##.....##.#.#
......... ...............
........######.....##.#.#
.#.#.#.r@.........##.....
.......###<.#.#..###.....
.#.#.#. #........##.....
....... #...#.#..........
.#.#.#. ##........##.....
....... #...###.........
####.#. ##### #..#.#.#.#
#.#. #.........
##.#.#.#.#


You could see a quokka.

Vanquished Creatures
  2 adders (D:2)
  A dart slug (D:2)
  An orc (D:3)
  A giant cockroach (D:1)
  5 goblins
  2 hobgoblins (D:2)
  2 kobolds
  2 frilled lizards
  A rat (D:3)
17 creatures vanquished.

Notes
Turn   | Place    | Note
-------+----------+-------------------------------------------
     0 | D:1      | tidbits the Demigod Wanderer began the quest for the Orb.
     0 | D:1      | tidbits set off with: a +0 shield, the Reference Book on Poison, the Handbook of Battle Magic, a +0 robe, a +0 dagger, a bread ration
     0 | D:1      | Reached XP level 1. HP: 14/14 MP: 5/5
     0 | D:1      | Identified the Reference Book on Poison
     0 | D:1      | Identified the Handbook of Battle Magic
   178 | D:2      | Reached skill level 2 in Shields
   178 | D:2      | Reached skill level 2 in Spellcasting
   231 | D:2      | Reached XP level 2. HP: 10/20 MP: 7/7
   277 | D:2      | HP: 2/20 [adder (2)]
   281 | D:2      | Reached skill level 3 in Shields
   364 | D:3      | Reached XP level 3. HP: 8/26 MP: 8/8
   474 | D:3      | HP: 2/26 [quokka (1)]
   475 | D:3      | Slain by a quokka

Vault maps used:
D:1:      minmay_arrival_arboretum_small
D:2:      lemuel_round_altar, chequers_ecumenical_altar_simple,
          serial_bayou_lake_a
D:3:      chequers_temple_overflow_minitemple, serial_glass, glass_columns_c,
          glass_columns_a, glass_columns_b, glass_columns_b, glass_columns_b,
          glass_columns_c, first_bread, hex_large, lemuel_tele_altar

Skill      XL: |  1  2 |
---------------+-------+-----
Shields        | 2 3 |  3.1
Spellcasting   | 2 |  2.0
Fighting       | |  0.1
Conjurations   | |  1.0
Hexes          | |  2.6
Translocations | |  1.7

Action                   || total
-------------------------++-------
Melee: Dagger            ||    76
  Use: Scroll            ||     1
       Potion            ||     2
 Stab: Sleeping          ||     2
Armor: Robe              ||     9
       Ring mail         ||     4
Dodge: Dodged            ||    19
Block: Shield            ||    28

Table legend:
 A = Spawn XP
 B = Non-spawn XP
 C = Spawn XP percentage of total XP
 D = Spawn monster count
 E = Non-spawn monster count
 F = Spawn count percentage of total count
 G = Total turns spent on level
                    A         B        C        D         E        F      G
               +---------+---------+-------+---------+---------+-------+---------
         Total |       0 |      55 |   0.0 |       0 |      17 |   0.0 |   475
               +---------+---------+-------+---------+---------+-------+---------
           D:1 |       0 |       5 |   0.0 |       0 |       3 |   0.0 |   161
           D:2 |       0 |      44 |   0.0 |       0 |      11 |   0.0 |   225
           D:3 |       0 |       6 |   0.0 |       0 |       3 |   0.0 |    89
               +---------+---------+-------+---------+---------+-------+---------

Table legend:
 A = Turns spent in this place as a percentage of turns spent in the entire game.
 B = Non-inter-level travel turns spent in this place as a percentage of non-inter-level travel turns spent in the entire game.
 C = Inter-level travel turns spent in this place as a percentage of turns spent in this place.
 D = Turns resting spent in this place as a percentage of non-inter-level travel turns spent in this place.
 E = Turns spent auto-exploring this place as a percentage of non-inter-level travel turns spent in this place.
 F = Non-inter-level travel turns spent in this place divided by the number of levels of this place that you've seen.
                   A       B       C       D       E      F
               +-------+-------+-------+-------+-------+----------------------
         Total | 100.0 | 100.0 |   4.6 |   0.0 |   0.0 | 151.0
       Dungeon | 100.0 | 100.0 |   4.6 |   0.0 |   0.0 | 151.0
               +-------+-------+-------+-------+-------+----------------------

Table legend:
 A = Kills in this place as a percentage of kills in entire the game.
 B = Kills by you in this place as a percentage of kills by you in the entire game.
 C = Kills by friends in this place as a percentage of kills by friends in the entire game.
 D = Other kills in this place as a percentage of other kills in the entire game.
 E = Experience gained in this place as a percentage of experience gained in the entire game.
 F = Experience gained in this place divided by the number of levels of this place that you have seen.
                   A       B       C       D       E      F
               +-------+-------+-------+-------+-------+----------------------
         Total | 100.0 | 100.0 |   N/A |   N/A | 100.0 |  18.3
       Dungeon | 100.0 | 100.0 |   N/A |   N/A | 100.0 |  18.3
               +-------+-------+-------+-------+-------+----------------------

Vault maps used:
D:1:      minmay_arrival_arboretum_small
D:2:      lemuel_round_altar, chequers_ecumenical_altar_simple,
          serial_bayou_lake_a
D:3:      chequers_temple_overflow_minitemple, serial_glass, glass_columns_c,
          glass_columns_a, glass_columns_b, glass_columns_b, glass_columns_b,
          glass_columns_c, first_bread, hex_large, lemuel_tele_altar
